 Dungeon Crawl Stone Soup version 0.24-a0-275-g6f7e2cb (webtiles) character file.

Game seed: 12444461378420202383

561 Poggle the Stinger (level 7, -1/44 HPs)
             Began as an Octopode Venom Mage on Apr 28, 2019.
             Slain by a bullfrog zombie (6 damage)
             ... on level 5 of the Dungeon.
             The game lasted 00:10:07 (5847 turns).

Poggle the Stinger (Octopode Venom Mage)            Turns: 5847, Time: 00:10:08

Health: -1/44      AC:  1    Str:  7    XL:     7   Next: 31%
Magic:  11/11      EV: 14    Int: 18    God:
Gold:   203        SH:  0    Dex: 14    Spells: 6/12 levels left

rFire    + . .     SeeInvis .   z - +5 whip of the Skies Above {venom, rF+}
rCold    . . .     Gourm    .   (no shield)
rNeg     . . .     Faith    +   (helmet restricted)
rPois    .         Spirit   .   e - amulet of faith
rElec    .         Reflect  .   (no ring)
rCorr    .         Harm     .   (no ring)
MR       .....                  (no ring)
Stlth    ++++......             (no ring)
HPRegen  0.14/turn              (no ring)
MPRegen  0.12/turn              (no ring)
                                (no ring)
                                (no ring)

@: no status effects
A: almost no armour, stealthy swim, amphibious, 8 rings, constrict 8, camouflage
1, gelatinous body 1
a: no special abilities


You were on level 5 of the Dungeon.
You were not hungry.

You visited 1 branch of the dungeon, and saw 5 of its levels.

You collected 203 gold pieces.

Inventory:

Hand Weapons
 a - a +1 dagger of venom
 b - a +1 dagger of draining
 f - a +0 dagger
 z - the +5 whip of the Skies Above (weapon) {venom, rF+}
   (You found it on level 5 of the Dungeon)

   It poisons the flesh of those it strikes.
   It protects you from fire.
 A - a +2 dagger of freezing
Missiles
 j - 198 stones (quivered)
 x - a throwing net
Armour
 c - a +0 shield
Jewellery
 e - an amulet of faith (around mantle)
Wands
 p - a wand of clouds (1)
 r - a wand of polymorph (5)
Scrolls
 d - 2 scrolls of teleportation {unknown}
 h - a scroll of enchant armour {unknown}
 m - 5 scrolls of identify {unknown}
 q - a scroll of fear {unknown}
 s - a scroll of remove curse {unknown}
 t - a scroll of noise {unknown}
 w - a scroll of fog {unknown}
 y - a scroll of blinking {unknown}
 C - a scroll of enchant weapon {unknown}
Potions
 g - 2 potions of might {unknown}
 i - a potion of degeneration {unknown}
 k - 4 potions of haste {unknown}
 l - a potion of agility {unknown}
 n - a potion of heal wounds {unknown}
 o - a potion of mutation {unknown}
 v - 2 potions of magic {unknown}
 B - a potion of ambrosia {unknown}
 D - a potion of invisibility {unknown}
 E - a potion of brilliance {unknown}
Comestibles
 u - 6 rations


   Skills:
 * Level 1.7 Fighting
 * Level 2.1 Short Blades
 + Level 2.8 Dodging
 + Level 4.0 Stealth
 + Level 3.2 Spellcasting
 * Level 1.9 Conjurations
 * Level 4.1 Air Magic
 + Level 4.7 Poison Magic


You had 6 spell levels left.
You knew the following spells:

 Your Spells              Type           Power        Failure   Level  Hunger
a - Sting                 Conj/Pois      ###.         4%          1    None
b - Poisonous Vapours     Pois/Air       ###...       3%          2    ##.....
c - Mephitic Cloud        Conj/Pois/Air  ###.....     11%         3    ###....

Your spell library contained the following spells:

 Spells                   Type           Power        Failure   Level  Hunger
 Olgreb's Toxic Radiance  Pois           ###.....     22%         4    ####...
 Venom Bolt               Conj/Pois      ###.......   73%         5    ######.


Dungeon Overview and Level Annotations

Branches:
Dungeon (5/15)
 Temple: D:4-7

Altars:


Innate Abilities, Weirdness & Mutations

You cannot wear most types of armour.
You are very stealthy in the water. (Stealth+)
You are amphibious.
You can wear up to eight rings at the same time.
You can use your tentacles to constrict eight enemies at once.
Your skin changes colour to match your surroundings (Stealth+).
Your rubbery body absorbs attacks. (AC +1, EV +1)


Message History

The bullfrog zombie is lightly damaged.
You constrict the bullfrog zombie. The bullfrog zombie misses you. x2
You hit the bullfrog zombie.
The bullfrog zombie is moderately damaged.
You constrict the bullfrog zombie. The bullfrog zombie hits you!
* * * LOW HITPOINT WARNING * * *
You hit the bullfrog zombie. You squeeze the bullfrog zombie!
The bullfrog zombie is severely damaged.
You constrict the bullfrog zombie. The bullfrog zombie closely misses you.
A hound comes into view.
The bullfrog zombie hits you but does no damage.
The hound barks!
You hit the bullfrog zombie.
The bullfrog zombie is almost destroyed.
You constrict the bullfrog zombie.
You destroy the bullfrog zombie!
The hound bites you.
* * * LOW HITPOINT WARNING * * *
The bullfrog zombie hits you.
You die...

...#...#...#...#..
.................
#.......#######.
#.......#
#.......##
#........#
#........#
...####.##Z#
#.h@.# #....#
##....# #.....#
#.....#.#
#.#...#.#
#.#.###.#
#######.#.# #.#
#.......#.# #.#


You could see a hound and a bullfrog zombie.

Vanquished Creatures
  An ogre (D:5)
  A bullfrog zombie (D:5)
  2 orc wizards (D:4)
  A bullfrog skeleton (D:5)
  An iguana (D:5)
  Natasha (thrice) (D:3)
  3 worker ants (D:4)
  4 gnolls (D:2)
  7 adders
  6 worms
  4 dart slugs
  3 leopard geckos
  8 orcs
  A ball python (D:2)
  2 giant cockroaches (D:1)
  3 goblins
  9 hobgoblins
  A jackal (D:1)
  8 kobolds
  A quokka (D:2)
  7 bats
  3 frilled lizards
  8 rats
87 creatures vanquished.

Notes
Turn   | Place    | Note
-------+----------+-------------------------------------------
     0 | D:1      | Poggle the Octopode Venom Mage began the quest for the Orb.
     0 | D:1      | Reached XP level 1. HP: 11/11 MP: 3/3
   643 | D:1      | Reached XP level 2. HP: 17/17 MP: 5/5
   647 | D:1      | Learned a level 2 spell: Poisonous Vapours
  1685 | D:2      | Reached skill level 1 in Air Magic
  1730 | D:2      | Reached XP level 3. HP: 21/21 MP: 2/6
  1882 | D:2      | Reached XP level 4. HP: 10/27 MP: 1/7
  2527 | D:2      | Found a faded altar of an unknown god.
  2850 | D:2      | Reached XP level 5. HP: 31/31 MP: 1/8
  3692 | D:3      | Noticed Natasha
  3698 | D:3      | Killed Natasha
  3842 | D:3      | Noticed Natasha
  3845 | D:3      | Killed Natasha
  4068 | D:3      | Noticed Natasha
  4073 | D:3      | Killed Natasha
  4073 | D:3      | Reached XP level 6. HP: 25/37 MP: 1/10
  4489 | D:3      | Learned a level 3 spell: Mephitic Cloud
  4549 | D:4      | Reached skill level 1 in Short Blades
  4862 | D:4      | Reached skill level 1 in Fighting
  5690 | D:5      | Entered Level 5 of the Dungeon
  5726 | D:5      | Reached XP level 7. HP: 43/43 MP: 5/11
  5799 | D:5      | Got a twisted whip
  5800 | D:5      | Identified the +5 whip of the Skies Above {venom, rF+} (You
                  | found it on level 5 of the Dungeon)
  5847 | D:5      | Slain by a bullfrog zombie

Levels and vault maps discovered:
D:1:      nzn_arrival_depleted_hourglass, layout_basic, minmay_distorted
D:2:      layout_basic, chequers_ecumenical_altar_simple_redux,
          serial_park_tiny_2
D:3:      layout_loops_ring, first_ration, uniq_natasha
D:4:      layout_loops_ring
D:5:      cheibrodos_fzero, layout_basic

Skill      XL: |  1  2  3  4  5  6  7 |
---------------+----------------------+-----
Poison Magic   | 4 |  4.7
Air Magic      | 1 2 3 4 |  4.1
Stealth        | 3 4 |  4.0
Short Blades   | 2 |  2.1
Fighting       | 1 |  1.7
Spellcasting   | 3 |  3.2
Dodging        | |  2.8
Conjurations   | |  1.9

Action                   |  1- 3 |  4- 6 |  7- 9 || total
-------------------------+-------+-------+-------++-------
Melee: Unarmed           |    37 |       |       ||    37
       Constrict         |    18 |    27 |     3 ||    48
       Tentacles         |    11 |    17 |     5 ||    33
       Dagger            |    31 |    97 |     7 ||   135
       Whip              |       |       |     7 ||     7
 Cast: Sting             |     3 |       |       ||     3
       Poisonous Vapours |     8 |    54 |     2 ||    64
 Stab: Sleeping          |     9 |     9 |       ||    18
       Distracted        |       |     1 |       ||     1
  Eat: Chunk             |     3 |    15 |     1 ||    19
Armor: Skin              |     7 |     3 |     1 ||    11
Dodge: Dodged            |    33 |    60 |     7 ||   100

Table legend:
 A = Non-vault XP
 B = Vault XP
 C = Vault XP percentage of total XP
 D = Non-vault monster count
 E = Vault monster count
 F = Vault count percentage of total count
                 A         B        C        D         E       F
            +---------+---------+-------+---------+---------+-------
      Total |     681 |     121 |  15.1 |      81 |       6 |   6.9
            +---------+---------+-------+---------+---------+-------
        D:1 |      23 |       7 |  23.3 |      14 |       3 |  17.6
        D:2 |     156 |       0 |   0.0 |      27 |       0 |   0.0
        D:3 |     122 |      35 |  22.3 |      21 |       1 |   4.5
        D:4 |     230 |       0 |   0.0 |      17 |       0 |   0.0
        D:5 |     150 |      79 |  34.5 |       2 |       2 |  50.0
            +---------+---------+-------+---------+---------+-------
